 Dungeon Crawl Stone Soup version 0.30-a0-586-g23e55c9e0a (webtiles) character file.

Game seed: 10350117622289905314

63 Nedwor the Trooper (level 4, -6/40 HPs)
             Began as a Hill Orc Fighter on Jan 3, 2023.
             Mangled by Crazy Yiuf
             ... wielding a +4 quarterstaff of chaos
              (12 damage)
             ... on level 2 of the Dungeon.
             The game lasted 00:01:49 (2031 turns).

Nedwor the Trooper (Hill Orc Fighter)               Turns: 2031, Time: 00:01:50

Health: -6/40      AC:  7    Str: 20    XL:     4   Next: 10%
Magic:  4/4        EV:  9    Int:  8    God:
Gold:   39         SH:  4    Dex: 10    Spells: 3/3 levels left

rFire   . . .      SeeInvis .    a - +0 war axe
rCold   . . .      Faith    .    c - +0 buckler
rNeg    . . .      Spirit   .    b - +0 scale mail
rPois   .          Reflect  .    (no helmet)
rElec   .          Harm     .    (no cloak)
rCorr   .          Rampage  .    (no gloves)
Will    .....                    (no boots) Stlth
                                 (no amulet)
HPRegen 0.26/turn                (no ring)
MPRegen 0.09/turn                (no ring)

@: lethally poisoned (-6 -> -15)
A: no striking features
a: no special abilities


You were on level 2 of the Dungeon.
You visited 1 branch of the dungeon, and saw 2 of its levels.

You collected 39 gold pieces.

Inventory:

Hand Weapons
 a - a +0 war axe (weapon)
Armour
 b - a +0 scale mail (worn)
 c - a +0 buckler (worn)
Jewellery
 k - a +6 ring of intelligence
Scrolls
 f - 3 scrolls of teleportation {unknown}
 g - a scroll of identify {unknown}
 l - a scroll of fear {unknown}
 n - a scroll of immolation {unknown}
Potions
 d - a potion of might
 e - a potion of heal wounds {unknown}
 h - 2 potions of cancellation {unknown}
 i - 2 potions of haste {unknown}
 j - 2 potions of invisibility {unknown}
 m - a potion of curing {unknown}


   Skills:
 + Level 4.0 Fighting
 * Level 4.0 Axes
 + Level 3.7 Armour
 + Level 1.0 Dodging
 + Level 3.6 Shields


You had 3 spell levels left.
You didn't know any spells.
Your spell library was empty.

Dungeon Overview and Level Annotations

Branches:
Dungeon (2/15)

Altars:
Hepliaklqana

Shops:
D:1 !

Annotations:
D:2 Crazy Yiuf


Message History

You closely miss the frilled lizard.
The frilled lizard bites you but does no damage.
You block the frilled lizard's attack.
You barely miss the frilled lizard. The frilled lizard closely misses you.
You slash the frilled lizard!
You kill the frilled lizard!
No target in view!
No target in view!
No target in view!
No target in view!
No target in view!
No target in view!
Found a stone staircase leading up.
Found a stone staircase leading up.
You open the door.
There is an open door here.
Crazy Yiuf shouts!
Could not explore, unopened runed door.
Could not explore, unopened runed door.
No reachable target in view!
You open the door. You hit Crazy Yiuf but do no damage.
Crazy Yiuf hits you with a +4 quarterstaff of chaos.
Crazy Yiuf burns you. Crazy Yiuf barely misses you.
You hit Crazy Yiuf.
Crazy Yiuf is lightly wounded.
Crazy Yiuf hits you with a +4 quarterstaff of chaos!
Crazy Yiuf burns you!
* * * LOW HITPOINT WARNING * * *
You closely miss Crazy Yiuf.
Crazy Yiuf is lightly wounded.
Crazy Yiuf hits you with a +4 quarterstaff of chaos.
* * * LOW HITPOINT WARNING * * *
Crazy Yiuf draws strength from your wounds!
You closely miss Crazy Yiuf.
Crazy Yiuf is lightly wounded.
Crazy Yiuf hits you but does no damage.
You are lethally poisoned!
Crazy Yiuf hits you with a +4 quarterstaff of chaos!
You die...

##.## #.#
#..[.#........#
.#..# #.#
######........#
##.## #.#
#........#
.##.###.# #####
######.#.#
.#......# #)..#
#######.#.#
######..###
#...#
#....##.#.#
#....# ...
#.....#.#.#
#....# #g#
#.......#.##
#....# #@##
#....##.....
#....# ##.#
#....##.#.##
#### ##'### #.##
#....##..>..
...####.## ##.#
#....#######
...'.....# ##.##
#...........
...##....#
##PP.#
###########.
[..##....#
#..P.# #.
#####.#.##
#....# #.
#.#.#######....#
#.


You could see Crazy Yiuf.

Vanquished Creatures
  2 adders (D:2)
  2 dart slugs (D:1)
  A worm (D:2)
  5 ball pythons
  4 endoplasms
  A giant cockroach (D:2)
  4 goblins
  3 hobgoblins
  3 quokkas
  4 bats
  2 frilled lizards (D:2)
  2 kobolds
  4 rats
37 creatures vanquished.

Notes
Turn   | Place    | Note
-------+----------+-------------------------------------------
     0 | D:1      | Nedwor the Hill Orc Fighter began the quest for the Orb.
     0 | D:1      | Reached XP level 1. HP: 19/19 MP: 1/1
    39 | D:1      | You fall into a shaft and drop 1 floor!
    92 | D:2      | Found a hazy altar of Hepliaklqana.
   156 | D:2      | Reached XP level 2. HP: 27/27 MP: 2/2
   277 | D:2      | Found a runed translucent door.
   278 | D:2      | Noticed Crazy Yiuf
   578 | D:1      | Reached XP level 3. HP: 31/33 MP: 3/3
  1031 | D:1      | Found Qausaffe's Distillery.
  1709 | D:2      | Reached skill level 1 in Dodging
  1739 | D:2      | Reached XP level 4. HP: 37/40 MP: 4/4
  1824 | D:2      | Found a faded altar of an unknown god.
  2031 | D:2      | Mangled by Crazy Yiuf

Illustrated notes

Levels and vault maps discovered:
D:1:      minmay_arrival_radiant_lines, layout_basic, serial_shops,
          shop_fountains
D:2:      minmay_angry_zag, layout_basic, shapermc_ecumenical_altar_ellora,
          basic_altar, uniq_crazy_yiuf_cottage

Skill      XL: |  1  2  3 |
---------------+----------+-----
Axes           | 3 4 |  4.0
Fighting       | 4 |  4.0
Dodging        | 1 |  1.0
Armour         | |  3.7
Shields        | |  3.6

Action                   |  1- 3 |  4- 6 || total
-------------------------+-------+-------++-------
Melee: War axe           |    97 |    27 ||   124
Armor: Scale mail        |    40 |    20 ||    60
Dodge: Dodged            |    43 |    13 ||    56
Block: Buckler           |    17 |     6 ||    23

Table legend: (Time is in decaauts)
 A = Elapsed time spent in this place.
 B = Non-inter-level travel time spent in this place.
 C = Inter-level travel time spent in this place.
 D = Time resting spent in this place.
 E = Time spent auto-exploring this place.
 F = Levels seen in this place.
 G = Mean time per level.
                   A        B        C        D        E       F      G
               +--------+--------+--------+--------+--------+-----+--------+
         Total |   2075 |   2047 |     28 |      0 |   1749 |   2 | 1037.5 |
       Dungeon |   2075 |   2047 |     28 |      0 |   1749 |   2 | 1037.5 |
               +--------+--------+--------+--------+--------+-----+--------+

Top non-repeatable levels by time:
     D:2: 1162 daAuts
     D:1: 912 daAuts
